[Event "Early-Titled-Tuesday-Blitz-September-05-2023"]
[Site "Chess.com"]
[Date "2023.09.05"]
[Round "8"]
[White "Nick12772"]
[Black "hakanazeri2"]
[Result "1/2-1/2"]
[WhiteElo "2325"]
[BlackElo "2569"]
[TimeControl "180+1"]
[EndTime "9:27:06 PDT"]
[Termination "Game drawn by repetition"]

1. Nf3 c6 2. g3 d5 3. Bg2 Nf6 4. O-O Bg4 5. d4 Bxf3 6. Bxf3 e6 7. c4 Nbd7 8. cxd5 exd5 9. Nc3 Bd6 10. Qb3 Qb6 11. Qxb6 axb6 12. Bg5 b5 13. Bxf6 Nxf6 14. a3 O-O 15. e4 dxe4 16. Nxe4 Be7 17. Nc5 Bxc5 18.
dxc5 Nd7 19. b4 Ne5 20. Be2 g6 21. Rfd1 Rfd8 22. f4 Rxd1+ 23. Rxd1 Nc4 24. Bxc4 bxc4 25. Rc1 Rxa3 26. Rxc4 Ra2 27. Rd4 Rb2 28. h3 Kg7 29. g4 Kf6 30. Re4 h5 31. Kh1 h4 32. Kg1 g5 33. f5 Rd2 34. Kh1 Rd5 35. Kg2 Re5 36. Kf3 Rd5 37. Kg2 Rd2+ 38. Kh1 Rf2 39. Kg1 Rf4 40. Rxf4 gxf4 41. Kf2 Ke5 42. Kf3 f6 43.
Ke2 Ke4 44. Kf2 Kd5 45. Kf3 Ke5 46. Kf2 Ke4 47. Ke2 f3+ 48. Kf2 Kf4 49. Kf1 Ke4 50.
Kf2 Kf4 51. Kf1 Ke5 52. Kf2 Ke4 53. Kf1 Kd5 54. Kf2 Ke4 55. Kf1 Ke5 56. Kf2 Kf4 1/2-1/2

[Event "Early-Titled-Tuesday-Blitz-September-05-2023"]
[Site "Chess.com"]
[Date "2023.09.05"]
[Round "8"]
[White "Abund"]
[Black "Parhamov"]
[Result "0-1"]
[WhiteElo "2725"]
[BlackElo "2929"]
[TimeControl "180+1"]
[EndTime "9:27:07 PDT"]
[Termination "Parhamov won by resignation"]

1. e4 c5 2. Nf3 d6 3. Bb5+ Nd7 4. c3 Nf6 5. Qe2 a6 6. Ba4 Qc7 7. O-O b5 8. Bc2 Bb7 9. d4 cxd4 10. cxd4 Rc8 11.
Bd3 e5 12. Bg5 Be7 13. a3 O-O 14. Nc3 h6 15. Bh4 Rfe8 16. Rac1 Qb6 17. d5 Nc5 18. Bc2 b4 19. axb4 Qxb4 20. Rb1 a5 21. Rfe1 Ba6 22. Qd1 Rb8 23. h3 Rec8 24. Na2 Qc4 25. b3 Qb5 26. b4 Nd3 27. bxa5 Nxe1 28. Rxb5 Nxf3+ 29. gxf3 Rxb5 30. Ba4 Rxa5 31. Nb4 Nxd5 32. Nc6 Bxh4 33.
Nxa5 Nf4 34. Bc6 Rb8 35. Qxd6 Rb2 36. Bd7 Bxf2+ 37. Kh1 Bg3 38. Qd1 Rh2+ 39. Kg1 Ne2+ 40. Kf1 Nc3+ 41. Kg1 Nxd1 42. Nc6 Ne3 43. Ne7+ Kf8 44.
Nf5 Nxf5 45. Bxf5 Bf4 0-1

[Event "Early-Titled-Tuesday-Blitz-September-05-2023"]
[Site "Chess.com"]
[Date "2023.09.05"]
[Round "8"]
[White "masterofpuppets2"]
[Black "mamey78"]
[Result "1-0"]
[WhiteElo "2486"]
[BlackElo "2591"]
[TimeControl "180+1"]
[EndTime "9:27:08 PDT"]
[Termination "masterofpuppets2 won on time"]

1. d4 d5 2. c4 c6 3. Nf3 Nf6 4. Nc3 e6 5. e3 Nbd7 6. Qc2 Bd6 7. b3 O-O 8. Be2 b6 9. O-O Bb7 10. Bb2 Qe7 11. Rad1 c5 12. cxd5 exd5 13. Rfe1 Rfe8 14.
dxc5 bxc5 15. Bd3 Rad8 16. Bf5 Ne5 17. Nd2 Bb8 18. Nf1 Neg4 19. Na4 Bd6 20. Ba3 Qe5 21. Bb2 d4 22. f4 Qd5 23. h3 Nh6 24. Bd3 Qc6 25.
exd4 Bxf4 26. Nxc5 Ba8 27. Na4 Qd6 28. Qf2 Nd5 29.
Rxe8+ Rxe8 30. Re1 Rd8 31. Nc3 Nb4 32. Bb1 Qb8 33.
Ne4 Nd5 34. Nc5 Qd6 35. Ne4 Qb6 36. Nc5 Bd6 37. Ne4 Bb4 38. Rd1 Bf8 39. Rc1 Qe6 40. Re1 Nf5 41. Ng5 Qxe1 42. Qxe1 Nd6 43. Nf3 Re8 44. Ne5 f6 45. Qd1 fxe5 46. dxe5 Nf5 47. Bxf5 1-0

[Event "Early-Titled-Tuesday-Blitz-September-05-2023"]
[Site "Chess.com"]
[Date "2023.09.05"]
[Round "8"]
[White "viktorskliarov"]
[Black "the-gambler"]
[Result "1-0"]
[WhiteElo "2658"]
[BlackElo "2505"]
[TimeControl "180+1"]
[EndTime "9:27:08 PDT"]
[Termination "viktorskliarov won on time"]

1. e4 Nf6 2. Nc3 e5 3. Bc4 Nc6 4. d3 Bc5 5. a3 O-O 6. h3 Ne7 7.
Bg5 Ng6 8. Nf3 h6 9. Be3 Bxe3 10. fxe3 c6 11. O-O d5 12. Bb3 Be6 13. exd5 cxd5 14. d4 e4 15. Ne5 Ne7 16. Ne2 Nf5 17. Qd2 Nd6 18. Nf4 Rc8 19. Rf2 b5 20. Raf1 a5 21.
c3 Nc4 22. Bxc4 bxc4 23. Nxe6 fxe6 24. Ng6 Rf7 25. Qd1 Rcc7 26. Ne5 Rf8 27. Qa4 Rb7 28. Qc6 Qc8 29. Qa6 Nh7 30. Ng6 Rxf2 31. Ne7+ Rxe7 32. Qxc8+ Rf8 33. Rxf8+ Nxf8 34. Qc5 Rb7 35.
Qxa5 Rxb2 36. a4 Re2 37. Qb4 Rxe3 38. a5 Re1+ 39. Kf2 Ra1 40. Qb6 Ra2+ 41. Ke3 Ng6 42. Qxe6+ Kh7 43. Qb6 Nh4 44. Kf4 Nxg2+ 45. Kg3 e3 46.
Qe6 e2 47. Qf5+ 1-0

[Event "Early-Titled-Tuesday-Blitz-September-05-2023"]
[Site "Chess.com"]
[Date "2023.09.05"]
[Round "8"]
[White "CSB7"]
[Black "Rosh1610"]
[Result "1-0"]
[WhiteElo "2710"]
[BlackElo "2475"]
[TimeControl "180+1"]
[EndTime "9:27:09 PDT"]
[Termination "CSB7 won by checkmate"]

1. c4 Nf6 2. g3 e6 3. Bg2 d5 4. Nf3 Be7 5. d4 O-O 6. O-O b6 7. cxd5 exd5 8. Nc3 Bb7 9. Ne5 c5 10. Bg5 h6 11. Bxf6 Bxf6 12. e3 Nd7 13. Ng4 h5 14.
Nxf6+ Nxf6 15. dxc5 bxc5 16. Rc1 Rc8 17. Qa4 Qb6 18.
Qa3 Bc6 19. Ne2 Bb5 20. Rfe1 d4 21. Nf4 Rfd8 22. Rcd1 d3 23. Nxd3 Bxd3 24. Rxd3 Rxd3 25. Qxd3 Qxb2 26. Bh3 Re8 27. Qb1 Qd2 28. Rd1 Qe2 29. Bf1 Qf3 30. Bg2 Qe2 31. Bf1 Qg4 32. Qc2 Rc8 33.
h3 Qb4 34. Bc4 Qb6 35. Qf5 Qc6 36. g4 hxg4 37. hxg4 Rf8 38. g5 Ne8 39. g6 Nd6 40. Rxd6 Qxd6 41. Bxf7+ Rxf7 42. Qxf7+ Kh8 43. Qe8+ Qf8 44.
Qxf8# 1-0

[Event "Early-Titled-Tuesday-Blitz-September-05-2023"]
[Site "Chess.com"]
[Date "2023.09.05"]
[Round "8"]
[White "C_K_G"]
[Black "HouseOfDurin"]
[Result "1-0"]
[WhiteElo "2079"]
[BlackElo "2267"]
[TimeControl "180+1"]
[EndTime "9:27:09 PDT"]
[Termination "C_K_G won by checkmate"]

1. e4 c5 2. Nf3 Nc6 3. d4 cxd4 4. Nxd4 g6 5. Bc4 Bg7 6. c3 d6 7. O-O Nf6 8. Re1 O-O 9. h3 a6 10. Be3 Nxd4 11. Bxd4 b5 12. Bd5 Nxd5 13. exd5 e5 14. dxe6 Bxe6 15. Bxg7 Kxg7 16. Qd4+ Qf6 17. Qxd6 Rad8 18.
Qg3 Rd5 19. a4 b4 20. cxb4 Qxb2 21. Nc3 Rf5 22. Rab1 Qa3 23. b5 axb5 24. axb5 Rc5 25. Ne4 Qxg3 26. Nxg3 Rb8 27. b6 Rc6 28. Ne4 Rcxb6 29.
Rxb6 Rxb6 30. Nc5 Bd5 31. Re7 Rb5 32. Rc7 Rb1+ 33. Kh2 Rf1 34. Kg3 h5 35. h4 Rg1 36.
f3 Ra1 37. Nd3 Be6 38. Nf4 Bf5 39. Nd5 Ra2 40. Ne3 Bd3 41. Kf4 Ra4+ 42. Ke5 Rxh4 43. Nd5 Bc4 44. Nf6 Be6 45. Ra7 Rh2 46. Ra8 Rxg2 47.
Rg8+ Kh6 48. f4 Re2+ 49. Kd6 g5 50. fxg5# 1-0

[Event "Early-Titled-Tuesday-Blitz-September-05-2023"]
[Site "Chess.com"]
[Date "2023.09.05"]
[Round "8"]
[White "Journey_to_GrandMaster_YT"]
[Black "XDPS"]
[Result "0-1"]
[WhiteElo "2632"]
[BlackElo "2869"]
[TimeControl "180+1"]
[EndTime "9:27:10 PDT"]
[Termination "XDPS won on time"]

1. d4 d5 2. Nf3 Nf6 3. c4 c6 4.
Nc3 e6 5. e3 Nbd7 6. Qc2 Be7 7.
b3 O-O 8. Bd3 b6 9. O-O Bb7 10.
Bb2 h6 11. Ne5 Nxe5 12. dxe5 Nd7 13. Ne2 Nc5 14. Rad1 Nxd3 15. Rxd3 Qc7 16. cxd5 exd5 17. Rxd5 c5 18. Rd2 Rad8 19. Rfd1 Rxd2 20. Rxd2 Rd8 21.
Bc3 Rxd2 22. Qxd2 Qc6 23. f3 a5 24. e4 a4 25. Nf4 axb3 26. axb3 Qb5 27. e6 fxe6 28.
Nxe6 Qxb3 29. Nxg7 Bg5 30. Qd3 Bf6 31. e5 Bxg7 32.
Qd8+ Bf8 33. Qd3 Qe6 34. f4 Qd5 35. Qg6+ Bg7 36. h4 b5 37. f5 b4 38. Bb2 c4 39.
f6 Qf7 40. Qxg7+ Qxg7 41. fxg7 c3 42. Bc1 b3 43. e6 b2 44. Bxb2 cxb2 45. e7 b1=Q+ 46.
Kh2 Qe4 47. e8=Q+ Qxe8 0-1

[Event "Early-Titled-Tuesday-Blitz-September-05-2023"]
[Site "Chess.com"]
[Date "2023.09.05"]
[Round "8"]
[White "ckgchess"]
[Black "play1ngtheangel"]
[Result "0-1"]
[WhiteElo "2857"]
[BlackElo "2691"]
[TimeControl "180+1"]
[EndTime "9:27:11 PDT"]
[Termination "play1ngtheangel won on time"]

1. e4 c5 2. c3 Nf6 3. e5 Nd5 4. d4 cxd4 5. Bc4 e6 6. cxd4 d6 7. Nf3 Nc6 8. O-O Be7 9. Qe2 O-O 10. Rd1 b6 11. Bxd5 exd5 12. Nc3 Be6 13. Bf4 a6 14. Rac1 Na5 15. h3 h6 16. Ne1 b5 17. Nc2 Re8 18. Ne3 dxe5 19. dxe5 d4 20. Ne4 Qb6 21. Ng4 Bxa2 22. b4 Bc4 23. bxa5 Bxe2 24. axb6 Bxd1 25. Rxd1 Rab8 26. Nd6 Red8 27. Rxd4 Rxb6 28. Ne3 Rc6 29. Nd5 Bf8 30. Nb4 Rc4 31. Rxc4 bxc4 32. Nxa6 c3 33.
Kf1 c2 34. Ke2 Bxd6 35. exd6 Rxd6 36. Nb4 Rd4 37. Nxc2 Rxf4 38. g3 Ra4 39. Ne3 g6 40. h4 Kg7 41. Kf3 h5 42. Nd5 Rd4 43. Ne3 Kf6 44. Ng2 Ke5 45. Ne3 Ra4 46. Kg2 Ke4 47. Nd1 Ra3 48. Nb2 Kd4 49. Nd1 Rd3 50. Nb2 Rd2 51. Na4 Rc2 52. Nb6 Rc7 53. Kf3 Rb7 54. Nc8 Kc5 55. Kf4 Rc7 0-1

[Event "Early-Titled-Tuesday-Blitz-September-05-2023"]
[Site "Chess.com"]
[Date "2023.09.05"]
[Round "8"]
[White "AsaHoffmann"]
[Black "KChor05TTV"]
[Result "0-1"]
[WhiteElo "2384"]
[BlackElo "2615"]
[TimeControl "180+1"]
[EndTime "9:27:11 PDT"]
[Termination "KChor05TTV won on time"]

1. d4 Nf6 2. Bg5 e6 3. Nd2 c5 4. e3 Be7 5. Bd3 b6 6. c3 Bb7 7.
Ngf3 h6 8. Bh4 g5 9. Bg3 Nc6 10. Qe2 Nh5 11. Be5 Nxe5 12. Nxe5 Nf6 13. f4 d6 14. Nef3 g4 15. Bb5+ Kf8 16. Ng1 a6 17. Bd3 b5 18. h3 Rg8 19. hxg4 Rxg4 20. Ngf3 Kg7 21. O-O-O cxd4 22. cxd4 Rc8+ 23. Kb1 Qb6 24. Rc1 Rxc1+ 25. Rxc1 Nd5 26. a3 f5 27. Rh1 b4 28.
Nc4 Qc7 29. a4 b3 30. Rc1 Qd7 31. a5 Nb4 32. Rc3 Qa4 33. Na3 Nxd3 34. Rxd3 Be4 35.
Ne1 d5 36. g3 Bxa3 37. bxa3 Qxa3 38. Qb2 Qxb2+ 39. Kxb2 Bxd3 40. Nxd3 Rxg3 41. Nc5 Rxe3 42. Nxa6 h5 43. Nc5 Kh6 44. a6 Rg3 45. a7 Rg8 46. Nxe6 Ra8 47. Nc7 Rxa7 48. Nxd5 h4 49. Ne3 Kg6 50.
Kxb3 h3 51. Kc4 h2 0-1

[Event "Early-Titled-Tuesday-Blitz-September-05-2023"]
[Site "Chess.com"]
[Date "2023.09.05"]
[Round "8"]
[White "GMWSO"]
[Black "qx4z"]
[Result "1-0"]
[WhiteElo "3060"]
[BlackElo "2823"]
[TimeControl "180+1"]
[EndTime "9:27:12 PDT"]
[Termination "GMWSO won by resignation"]

1. b3 e5 2. Bb2 Nc6 3. e3 Nf6 4. Bb5 e4 5. Ne2 a6 6. Bxc6 dxc6 7. O-O Bd6 8. Ng3 h5 9. f3 Bxg3 10. hxg3 Qd6 11. Bxf6 gxf6 12. fxe4 Bg4 13. Qe1 O-O-O 14. Rf4 Rdg8 15. Nc3 h4 16. gxh4 Qe5 17. Qf2 Be6 18. Kh2 Rg6 19. Rg1 Rg5 20. g3 Rg6 21. b4 a5 22. a3 Qg5 23. Rg2 Qe5 24. Ne2 axb4 25. axb4 Qb2 26. Nd4 Qxb4 27. Rxf6 Rgg8 28. Nxe6 fxe6 29.
Rxe6 Qb2 30. d3 Rf8 31. Qe2 Qc1 32. Rf2 Rfg8 33. Rg2 Rf8 34. Rf2 Rd8 35. Ref6 Qb2 36.
Rf7 Qe5 37. Qg4+ Kb8 38. Qf4 Qa5 39. e5 Rhe8 40. d4 Qe1 41. Rf1 Qa5 42. Rf2 Qd5 43.
e6 Rc8 44. e7 Qe6 45. Qe5 Qd7 46. Rf8 Rxe7 47. Rxc8+ Kxc8 48. Rf8+ Qd8 49. Qxe7 1-0

[Event "Early-Titled-Tuesday-Blitz-September-05-2023"]
[Site "Chess.com"]
[Date "2023.09.05"]
[Round "8"]
[White "KNVB"]
[Black "gau248"]
[Result "0-1"]
[WhiteElo "2763"]
[BlackElo "2589"]
[TimeControl "180+1"]
[EndTime "9:27:13 PDT"]
[Termination "gau248 won by checkmate"]

1. d4 d5 2. Bf4 Nf6 3. e3 e6 4. Nf3 c5 5. c3 Bd6 6. Nbd2 Qc7 7.
Bxd6 Qxd6 8. Ne5 Nbd7 9. f4 O-O 10. Bd3 b6 11. O-O a5 12. Qe2 Bb7 13. Rad1 a4 14.
a3 Rfc8 15. g4 Nf8 16. g5 Ne4 17. Bxe4 dxe4 18. Ndc4 Qc7 19. dxc5 Qxc5 20. Nd6 Ba6 21. c4 Rc7 22. Rd4 f6 23. gxf6 gxf6 24. Ng4 Rg7 25.
Kh1 Nd7 26. Rg1 Rf8 27. Qg2 Kh8 28. Nh6 Rxg2 29. Rxg2 Qh5 30. Ndf7+ Qxf7 31. Nxf7+ Rxf7 32. Kg1 h5 33. Rd6 Bxc4 34. f5 exf5 35. Kf2 Ne5 36. Rxb6 Ng4+ 37. Kg3 Nxe3 38. Rf2 f4+ 39. Kxf4 Nd5+ 40.
Kf5 Nxb6 41. Rd2 Nd5 42. Kg6 Rg7+ 43. Kh6 e3 44. Rd4 e2 45. Re4 Rh7+ 46. Kg6 Rg7+ 47. Kh6 Rg8 48. h4 Nf4 49. Re7 Rg6# 0-1

[Event "Early-Titled-Tuesday-Blitz-September-05-2023"]
[Site "Chess.com"]
[Date "2023.09.05"]
[Round "8"]
[White "rachidhuilda"]
[Black "topin8"]
[Result "0-1"]
[WhiteElo "2297"]
[BlackElo "2449"]
[TimeControl "180+1"]
[EndTime "9:27:13 PDT"]
[Termination "topin8 won by resignation"]

1. d4 Nf6 2. Bg5 e6 3. e4 h6 4.
Bxf6 Qxf6 5. c3 c5 6. d5 exd5 7. exd5 d6 8. Nf3 g6 9. Bb5+ Bd7 10. Qe2+ Qe7 11. Na3 a6 12. Bxd7+ Nxd7 13. Nc4 Qxe2+ 14. Kxe2 b5 15. Ne3 Nb6 16. Rhe1 Kd7 17. Kf1 Bg7 18.
Rad1 a5 19. h4 b4 20. Rc1 f5 21. Red1 Rhe8 22. Rd2 f4 23. Ng4 bxc3 24. bxc3 Nc4 25.
Re2 Rxe2 26. Kxe2 Re8+ 27. Kd3 Nb2+ 28. Kd2 Nc4+ 29. Kd3 Nb6 30. c4 Na4 31. Nd2 Nb2+ 32. Kc2 h5 33. Nh2 Re2 34. Nf1 Rxf2 35. Kb3 Nd3 36. Rc2 Rxg2 37. a4 Ne5 38. Rc3 Rf2 39.
Rh3 Ng4 40. Rh1 Ne3 41. Rg1 Nxf1 42. Rxg6 Rxd2 43. Rxg7+ Ke8 44. Rg6 Ne3 45. Re6+ Kf7 46.
Rxd6 Rd3+ 47. Kb2 f3 48. Rd7+ Kf6 49. Rd6+ Ke5 50. Re6+ Kd4 51. Rf6 Nxc4+ 52. Kc2 Rc3+ 53. Kd1 Kxd5 54. Rxf3 Rxf3 0-1

[Event "Early-Titled-Tuesday-Blitz-September-05-2023"]
[Site "Chess.com"]
[Date "2023.09.05"]
[Round "8"]
[White "Aswathchess"]
[Black "nrvignesh"]
[Result "1/2-1/2"]
[WhiteElo "2609"]
[BlackElo "2825"]
[TimeControl "180+1"]
[EndTime "9:27:18 PDT"]
[Termination "Game drawn - insufficient material"]

1. d4 Nf6 2. c4 e6 3. g3 a6 4.
Bg2 d5 5. Nf3 dxc4 6. O-O Nc6 7.
a4 Rb8 8. Nbd2 b5 9. axb5 axb5 10. Ne5 Nxe5 11. dxe5 Nd7 12. Ne4 Be7 13. f4 Bb7 14.
Qc2 O-O 15. Rd1 Qc8 16. Be3 Rd8 17. Kh1 g6 18. Rd2 Bd5 19. Rad1 Qb7 20. Rxd5 exd5 21.
Rxd5 Qxd5 22. Ng5 Nb6 23. Bxd5 Nxd5 24. Bf2 Bxg5 25. fxg5 Re8 26. Qe4 c6 27. Kg2 Re6 28.
Bd4 Rbe8 29. h4 Ne7 30. g4 c5 31. Bxc5 Nc6 32. Bd4 Nxd4 33. Qxd4 Rxe5 34. e3 Rxe3 35. h5 Re2+ 36. Kf1 R2e4 37. Qf6 Re1+ 38. Kg2 R8e2+ 39.
Kf3 Re3+ 40. Kf2 Re6 41. Qd8+ Re8 42. Qf6 R1e6 43. Qc3 Re2+ 44. Kf3 gxh5 45. gxh5 h6 46. gxh6 R2e3+ 47. Qxe3 Rxe3+ 48. Kxe3 b4 49. Kd4 c3 50. bxc3 bxc3 51. Kxc3 Kh7 52. Kd4 Kxh6 53. Ke5 Kg5 54. h6 Kg6 55. h7 Kxh7 56. Kf6 Kg8 57. Kf5 Kg7 58. Kg5 Kf8 59. Kf6 Ke8 60. Kf5 Ke7 61. Ke5 f6+ 62. Kf5 Kf7 63. Kf4 Ke6 64.
Ke4 f5+ 65. Kf4 Kf6 66. Kf3 Ke5 67. Ke3 f4+ 68. Kf3 Kf5 69. Kf2 Kg4 70. Kg2 f3+ 71.
Kf2 Kf4 72. Kf1 Ke3 73. Ke1 Ke4 74. Kf1 Kf4 75. Kf2 Kg4 76. Kf1 Kg5 77. Kf2 Kf4 78.
Kf1 Kg3 79. Kg1 f2+ 80. Kf1 Kf4 81. Kxf2 1/2-1/2

[Event "Early-Titled-Tuesday-Blitz-September-05-2023"]
[Site "Chess.com"]
[Date "2023.09.05"]
[Round "8"]
[White "koncheto"]
[Black "SAInt_666"]
[Result "0-1"]
[WhiteElo "2533"]
[BlackElo "2704"]
[TimeControl "180+1"]
[EndTime "9:27:18 PDT"]
[Termination "SAInt_666 won by resignation"]

1. e4 c5 2. Nf3 d6 3. d4 cxd4 4. Nxd4 Nf6 5. f3 Nc6 6. c4 g6 7.
Nc3 Bg7 8. Be3 O-O 9. Be2 Bd7 10. O-O Nxd4 11. Bxd4 a5 12. Qd2 Bc6 13. Rfd1 Nd7 14. Be3 Nc5 15. Rac1 Be5 16. b3 e6 17. Rc2 Qh4 18.
g3 Qf6 19. Bg5 Qh8 20. Bf4 Qf6 21. Bg5 Qh8 22. Bf4 h5 23. Qe3 Rfd8 24. Bxe5 Qxe5 25. f4 Qf6 26. e5 Qe7 27. Rcd2 d5 28. cxd5 exd5 29.
Nxd5 Bxd5 30. Rxd5 Rxd5 31. Rxd5 b6 32. Bc4 Rd8 33.
Qd4 Rc8 34. Rd6 Kh7 35. Rxb6 Rd8 36. Rd6 Rxd6 37. Qxd6 Qa7 38. Qd4 Qc7 39. Bxf7 Nd7 40. Bc4 Nf8 41. Qd6 Qg7 42. Kg2 Kh6 43. Qd3 Qb7+ 44. Qd5 Qc7 45. Qg8 Qc6+ 46. Bd5 Qc2+ 47. Kh3 Qf5+ 48. Kg2 Qc2+ 49. Kh3 Qf5+ 50. Kg2 Nh7 51.
Qd8 Qc2+ 52. Kf3 Qd3+ 53. Kf2 h4 54. Bc4 Qxd8 0-1

[Event "Early-Titled-Tuesday-Blitz-September-05-2023"]
[Site "Chess.com"]
[Date "2023.09.05"]
[Round "8"]
[White "IngOscarArdila"]
[Black "DawidCzerw"]
[Result "1/2-1/2"]
[WhiteElo "2401"]
[BlackElo "2506"]
[TimeControl "180+1"]
[EndTime "9:27:18 PDT"]
[Termination "Game drawn by repetition"]

1. d4 Nf6 2. c4 e6 3. Nc3 Bb4 4. Bd2 O-O 5. Nf3 d6 6. e3 Nc6 7. Be2 e5 8. dxe5 dxe5 9. O-O a6 10. a3 Bd6 11. b4 e4 12. Nd4 Nxd4 13.
exd4 c6 14. Be3 Bc7 15. Qd2 Qd6 16. g3 Bh3 17. Bf4 Qd7 18. Rfd1 Rfe8 19. Bxc7 Qxc7 20. Qg5 h6 21. Qh4 Qd7 22. d5 c5 23. bxc5 Kh7 24.
Qf4 Rac8 25. Qe3 Ng4 26. Bxg4 Bxg4 27. Rd4 f5 28. Ne2 Bf3 29. h4 Qf7 30. Nf4 g5 31. hxg5 hxg5 32. Nh3 f4 33. Nxg5+ Kg6 34. Nxf7 fxe3 35.
fxe3 Kxf7 36. Kf2 Rh8 37. Rf1 Rh2+ 38. Ke1 Re2+ 39. Kd1 Rh8 40. Kc1 Rhh2 41. d6 Rc2+ 42. Kb1 Rb2+ 43. Ka1 Ra2+ 44. Kb1 Rhb2+ 45. Kc1 Rc2+ 46.
Kb1 Rd2 47. d7 Rab2+ 48. Ka1 Ra2+ 49. Kb1 Rdb2+ 50. Kc1 Rc2+ 51. Kb1 Rab2+ 52. Ka1 Ra2+ 53. Kb1 Rcb2+ 54. Kc1 Rc2+ 55. Kb1 1/2-1/2

[Event "Early-Titled-Tuesday-Blitz-September-05-2023"]
[Site "Chess.com"]
[Date "2023.09.05"]
[Round "8"]
[White "Ducke13"]
[Black "szachuspl"]
[Result "1-0"]
[WhiteElo "2444"]
[BlackElo "2535"]
[TimeControl "180+1"]
[EndTime "9:27:19 PDT"]
[Termination "Ducke13 won by resignation"]

1. d4 g6 2. g3 Bg7 3. Bg2 c5 4. d5 d6 5. c4 Nf6 6. Nc3 O-O 7. Nf3 e6 8. O-O exd5 9. cxd5 Re8 10. Re1 a6 11. a4 Bg4 12. Nd2 Qc8 13. Nc4 Qd8 14.
a5 Bf8 15. Bg5 Nbd7 16. Qd2 Ne5 17. Nb6 Rb8 18. f4 Ned7 19. h3 Nxb6 20. axb6 h6 21. Bxf6 Qxf6 22. hxg4 Qd4+ 23. Qxd4 cxd4 24. Ne4 Kg7 25.
g5 hxg5 26. fxg5 Re5 27. Rad1 Rxd5 28. Nf6 Rxg5 29. Nd7 Rd8 30. Nxf8 Kxf8 31. Rxd4 Rxg3 32.
Rd3 Rg5 33. Red1 Ke7 34. Rd5 Rg3 35. R1d3 Rg4 36. e4 Rf4 37. e5 Rb4 38. exd6+ Kf8 39. d7 Rxb6 40. Rc5 Ke7 41. Re5+ Kf8 42. b3 f6 43. Re4 Kf7 44. Rh4 f5 45. Bd5+ Kf6 46. Bc4 Rc6 47. Rh7 b5 48. Rf7+ Kg5 49. Bd5 Rd6 50.
Be4 Re6 51. Bf3 Kf4 52. Bg2 g5 53. Rd5 Re5 54. Rxe5 Kxe5 55. Bb7 Ke6 56. Rh7 Rxd7 57. Bc8 Ke5 58. Rxd7 1-0

[Event "Early-Titled-Tuesday-Blitz-September-05-2023"]
[Site "Chess.com"]
[Date "2023.09.05"]
[Round "8"]
[White "Goi_Manne"]
[Black "infinitegiantkiller"]
[Result "0-1"]
[WhiteElo "2314"]
[BlackElo "2487"]
[TimeControl "180+1"]
[EndTime "9:27:20 PDT"]
[Termination "infinitegiantkiller won by resignation"]

1. e4 g6 2. d4 Bg7 3. Nc3 d6 4. Bg5 Nf6 5. e5 dxe5 6. dxe5 Nfd7 7. e6 fxe6 8. Bc4 Nb6 9. Qxd8+ Kxd8 10. O-O-O+ Ke8 11. Bb3 c6 12. Nf3 Nd5 13. Ne4 Nd7 14. Rhe1 Kf7 15.
Bh4 h6 16. Bg3 Re8 17. c4 N5f6 18. Nc3 c5 19. Nb5 Rf8 20. Nc7 Rb8 21. Nxe6 Re8 22. Bc2 b6 23. Bxb8 Nxb8 24. Nc7 Nc6 25. Nxe8 Nxe8 26.
Nh4 g5 27. Ng6 Nd6 28. Ba4 Nd4 29. Nxe7 Be6 30. Nd5 Nxc4 31. Nc3 a6 32. Bb3 Nxb3+ 33. axb3 Na5 34. Rxe6 Kxe6 35. Kc2 Nc6 36. Re1+ Kd6 37.
Rd1+ Ke6 38. Na4 Nd4+ 39. Kb1 Nxb3 40. Nxb6 Bd4 41. Ka2 Na5 42. Na4 Nc4 43. f3 Kd5 44.
Rc1 Ne3 45. Nb6+ Kc6 46. Nc4 Nxg2 47. Nd2 Be3 48. Rc2 Nf4 49. Nb3 Nd5 50. Na5+ Kb5 51. Nc4 Nb4+ 52. Kb1 Nxc2 53. Nd6+ Kc6 54. Ne4 Nd4 55.
Nf6 Bf4 56. Ng8 h5 57. Ne7+ Kd6 58. Ng6 Bxh2 59. Kc1 Bf4+ 60. Kd1 h4 61. b4 cxb4 62. Nf8 h3 63. Nh7 h2 0-1

[Event "Early-Titled-Tuesday-Blitz-September-05-2023"]
[Site "Chess.com"]
[Date "2023.09.05"]
[Round "8"]
[White "Lady_Nika"]
[Black "alpltl"]
[Result "1-0"]
[WhiteElo "2470"]
[BlackElo "2346"]
[TimeControl "180+1"]
[EndTime "9:27:20 PDT"]
[Termination "Lady_Nika won by resignation"]

1. e4 c6 2. d4 d5 3. Nc3 g6 4.
f4 dxe4 5. Nxe4 Nd7 6. c3 Bg7 7. Nf3 Ngf6 8. Nxf6+ Nxf6 9. Bc4 O-O 10. O-O Bf5 11. h3 Be4 12. Ne5 Bd5 13. Bxd5 cxd5 14. Qb3 Qb6 15. Qd1 e6 16. Kh2 a5 17. g4 Rfc8 18. Qe2 a4 19. a3 Ne4 20. Be3 f5 21. Rg1 Bxe5 22. dxe5 Qa6 23. Qc2 Qc4 24. gxf5 exf5 25. Rad1 Rd8 26. Rd4 Qc6 27. Qe2 Kf7 28.
Qd1 Ra5 29. h4 h5 30. Kh3 Rb5 31. c4 Rb3 32. Qe2 Rc8 33. cxd5 Qc2 34. e6+ Kf6 35. Re1 Nf2+ 36. Kg2 Rxe3 37. Qxe3 Ne4+ 38. Qe2 Qc5 39. Rxe4 Qxd5 40. e7 fxe4 41. Qxe4 Qxe4+ 42. Rxe4 Re8 43. Kf3 Rxe7 44. Rxa4 Rc7 45. Rb4 Rd7 46. Ke4 Re7+ 47. Kd5 Rc7 48. Kd6 Rf7 49. Rb5 Rh7 50. a4 Re7 51. b4 Rf7 52. Rg5 Rg7 53. a5 Re7 54. Rxg6+ Kxg6 55. Kxe7 Kf5 56. b5 Kg4 57. a6 Kxh4 58.
axb7 Kg3 59. b8=Q h4 60. b6 h3 61. f5+ Kg2 62. f6 h2 63. f7 h1=Q 64. Qb7+ Kg1 65. Qxh1+ 1-0

[Event "Early-Titled-Tuesday-Blitz-September-05-2023"]
[Site "Chess.com"]
[Date "2023.09.05"]
[Round "8"]
[White "artin10862"]
[Black "Kirill_Klukin"]
[Result "1-0"]
[WhiteElo "2970"]
[BlackElo "2796"]
[TimeControl "180+1"]
[EndTime "9:27:21 PDT"]
[Termination "artin10862 won on time"]

1. d4 Nf6 2. Nf3 e6 3. e3 g6 4. b3 Bg7 5. Bb2 O-O 6. Nbd2 b6 7. Bd3 Bb7 8. O-O d5 9. c4 Nbd7 10. cxd5 Nxd5 11. Rc1 c5 12. a3 Rc8 13. Qe2 cxd4 14. Nxd4 Nc5 15. Bc4 Qe7 16. b4 Na4 17. Ba1 a5 18.
Bxd5 Bxd5 19. Qb5 Rxc1 20. Rxc1 Qe8 21. Qe2 axb4 22. axb4 Qd7 23. N2f3 Rc8 24. Rd1 Qb7 25. Nb5 Bxa1 26. Rxa1 Nc3 27. Nxc3 Rxc3 28. Qd2 Rc4 29. Ne5 Re4 30. Qb2 Qe7 31. Nd3 Qg5 32. g3 Qg4 33. Nf4 Rxf4 34. exf4 Qf3 35. Kf1 Bc4+ 36. Ke1 Qe4+ 37.
Kd1 Qd3+ 38. Qd2 Qf1+ 39. Qe1 Qd3+ 40. Kc1 Bb3 41. Qd2 Qc4+ 42. Kb2 Ba4 43. Rxa4 h5 44. Ra8+ Kh7 45. Rd8 Qe4 46. Qc3 Qe2+ 47. Rd2 Qe4 48. Rc2 g5 49. h4 1-0

[Event "Early-Titled-Tuesday-Blitz-September-05-2023"]
[Site "Chess.com"]
[Date "2023.09.05"]
[Round "8"]
[White "JoliyRoger"]
[Black "Iunusovnuriddin"]
[Result "0-1"]
[WhiteElo "2472"]
[BlackElo "2343"]
[TimeControl "180+1"]
[EndTime "9:27:22 PDT"]
[Termination "Iunusovnuriddin won on time"]

1. d4 Nf6 2. c4 g6 3. Nc3 Bg7 4. e4 d6 5. Nf3 O-O 6. h3 e5 7. d5 Nbd7 8. Bg5 h6 9. Be3 Nc5 10.
Nd2 a5 11. g4 h5 12. Be2 hxg4 13. hxg4 Nh7 14. g5 Nxg5 15. Qc2 Nh3 16. O-O-O a4 17. Rh2 a3 18. b3 Nf4 19. Rdh1 Rb8 20. Bf1 c6 21. f3 cxd5 22. cxd5 Qa5 23. Nc4 Qc7 24.
Nxa3 Bd7 25. Bb5 Rfc8 26. Kb1 Qa5 27. Nc4 Qc7 28. a4 Na6 29. Bb6 Bxb5 30. Bxc7 Bxc4 31. Bxb8 Bd3 32. Bxd6 Rxc3 33. Qxd3 Nxd3 34. Ka2 Nab4+ 35. Ka3 Nc2+ 36. Ka2 Nd4 37. Rb1 Nxf3 38. Rg2 Nd4 39. Ba3 Bf8 40. Bxf8 Kxf8 41. Ka3 f5 42. Rxg6 fxe4 43.
Rf1+ Nf4 0-1

[Event "Early-Titled-Tuesday-Blitz-September-05-2023"]
[Site "Chess.com"]
[Date "2023.09.05"]
[Round "8"]
[White "LUISMIGUELOV"]
[Black "effefe"]
[Result "0-1"]
[WhiteElo "2081"]
[BlackElo "2351"]
[TimeControl "180+1"]
[EndTime "9:27:24 PDT"]
[Termination "effefe won on time"]

1. d4 Nf6 2. c3 g6 3. Bg5 Bg7 4.
Nd2 O-O 5. e4 d6 6. f4 h6 7. Bxf6 Bxf6 8. e5 dxe5 9. fxe5 Bg7 10. Ngf3 c5 11. Bc4 Nc6 12. d5 Nxe5 13. Nxe5 Bxe5 14. O-O Bg7 15. Ne4 b6 16. d6 Bb7 17.
Qg4 Bxe4 18. Qxe4 Qxd6 19. Rad1 Qe5 20. Qxg6 e6 21. Rxf7 Rxf7 22. Bxe6 Qf6 23. Bxf7+ Qxf7 24. Qc6 Rf8 25. h3 Qf2+ 26. Kh1 Qg3 27. Qe6+ Kh8 28.
Re1 Rf2 29. Qe8+ Kh7 30. Qe4+ Qg6 31. b4 cxb4 32. cxb4 Qxe4 33. Rxe4 Rxa2 34. g4 a5 35. bxa5 bxa5 36. h4 a4 37. Kg1 a3 38. Kf1 Ra1+ 39. Kg2 a2 40. Ra4 Kg6 41. Ra6+ Bf6 42. Kh2 Kf7 43.
g5 hxg5 44. hxg5 Bxg5 45. Kg2 Ke7 46. Ra7+ Kd6 47. Ra6+ Kc7 48. Ra7+ Kb6 49. Ra4 Be7 50. Ra8 Kb5 51. Rb8+ Kc4 52. Rc8+ Kb3 53. Rb8+ Bb4 54.
Ra8 Kb2 0-1